 Dungeon Crawl Stone Soup version 0.27.1-4-g1640c2035a (webtiles) character file.

Game seed: 14007239291514516868

30 pancakes the Magician (level 3, 25/25 HPs)
             Began as a Gnoll Hedge Wizard on Nov 8, 2021.
             Was an Initiate of Ru.
             Quit the game on level 2 of the Dungeon.
             The game lasted 00:06:13 (1672 turns).

pancakes the Magician (Gnoll Hedge Wizard)          Turns: 1672, Time: 00:06:13

Health: 25/25      AC:  3    Str:  9    XL:     3   Next: 18%
Magic:  4/11       EV: 13    Int: 14    God:    Ru [......]
Gold:   67         SH:  0    Dex: 11    Spells: 5/16 levels left

rFire    . . .     SeeInvis .   a - +2 dagger (venom)
rCold    . . .     Faith    .   (no shield)
rNeg     . . .     Spirit   .   b - +0 robe
rPois    .         Reflect  .   c - +0 hat
rElec    .         Harm     .   (no cloak)
rCorr    .         Rampage  .   m - +0 pair of gloves
Will     .....                  (no boots)
Stlth    ++........             (no amulet)
HPRegen  0.08/turn              (no ring)
MPRegen  0.12/turn              (no ring)

@: no status effects
A: fangs 1, strong nose, distributed training
a: Renounce Religion, Sacrifice a Hand, Sacrifice Arcana, Sacrifice Health,
Reject Sacrifices


You were on level 2 of the Dungeon.
You worshipped Ru.
Ru was noncommittal.
You visited 1 branch of the dungeon, and saw 2 of its levels.

You collected 67 gold pieces.

Inventory:

Hand Weapons
 a - a +2 dagger of venom (weapon)
Missiles
 d - 2 curare-tipped darts
 f - 21 arrows
 h - 39 stones
 p - 3 datura-tipped darts
Armour
 b - a +0 robe (worn)
 c - a +0 hat (worn)
 m - a +0 pair of gloves (worn)
Scrolls
 e - a scroll of fear {unknown}
 g - 4 scrolls of blinking {unknown}
 i - a scroll of fog {unknown}
 l - a scroll of teleportation {unknown}
 n - a scroll of vulnerability {unknown}
 o - a scroll of identify {unknown}
Potions
 j - a potion of mutation {unknown}
 k - a potion of heal wounds {unknown}


   Skills:
 + Level 0.6 Fighting
 + Level 0.6 Short Blades
 + Level 0.6 Long Blades
 + Level 0.6 Axes
 + Level 0.6 Maces & Flails
 + Level 0.6 Polearms
 + Level 0.6 Staves
 + Level 0.6 Slings
 + Level 0.6 Bows
 + Level 0.6 Crossbows
 + Level 0.6 Throwing
 + Level 0.6 Armour
 + Level 4.5 Dodging
 + Level 4.1 Stealth
 + Level 0.6 Shields
 + Level 0.6 Unarmed Combat
 + Level 7.1 Spellcasting
 + Level 2.1 Conjurations
 + Level 0.4 Hexes
 + Level 2.1 Summonings
 + Level 0.4 Necromancy
 + Level 2.1 Translocations
 + Level 0.4 Transmutations
 + Level 0.4 Fire Magic
 + Level 0.4 Ice Magic
 + Level 0.4 Air Magic
 + Level 0.4 Earth Magic
 + Level 0.4 Poison Magic
 + Level 0.8 Invocations
 + Level 0.6 Evocations


You had 5 spell levels left.
You knew the following spells:

 Your Spells              Type           Power      Damage    Failure   Level
b - Blink                 Tloc           N/A        N/A       9%          2
d - Mephitic Cloud        Conj/Pois/Air  7%         N/A       28%         3
e - Conjure Flame         Conj/Fire      8%         6-21      26%         3
n - Call Imp              Summ           10%        N/A       9%          2
s - Magic Dart            Conj           40%        1d5       6%          1

Your spell library contained the following spells:

 Spells                   Type           Power      Damage    Failure   Level
 Slow                     Hex            6%         N/A       17%         2


Dungeon Overview and Level Annotations

Branches:
Dungeon (2/15)

Altars:
Ru


Innate Abilities, Weirdness & Mutations

You have very sharp teeth.
Your uncanny sense of smell can sniff out nearby items.
Your experience applies equally to all skills.


Message History

The magic dart hits the endoplasm.
You kill the endoplasm!
Aiming: Magic Dart (safe; 6% risk of failure)
Press: ? - help, Q - select action, (/) - cycle Shift-Dir - straight line, f - quokka
Aim: a quokka (asleep, 100% to hit)
The magic dart hits the quokka.
The quokka is moderately wounded.
A rat comes into view.
Aiming: Magic Dart (safe; 6% risk of failure)
Press: ? - help, Q - select action, (/) - cycle Shift-Dir - straight line, f - rat
Aim: a rat (wandering, hasn't noticed you, 100% to hit)
The magic dart hits the rat.
You kill the rat!
Aiming: Magic Dart (safe; 6% risk of failure)
Press: ? - help, Q - select action, (/) - cycle Shift-Dir - straight line, f - quokka
Aim: a quokka (moderately wounded, 100% to hit)
The magic dart hits the quokka.
The quokka is heavily wounded.
Aiming: Magic Dart (safe; 6% risk of failure)
Press: ? - help, Q - select action, (/) - cycle Shift-Dir - straight line, f/p - quokka
Aim: a quokka (heavily wounded, 100% to hit)
The magic dart hits the quokka.
The quokka is severely wounded.
Aiming: Magic Dart (safe; 6% risk of failure)
Press: ? - help, Q - select action, (/) - cycle Shift-Dir - straight line, f/p - quokka
Aim: a quokka (severely wounded, 100% to hit)
The magic dart hits the quokka.
You kill the quokka!
There is a faded altar of an unknown god here.
You cannot tell which god this altar belongs to.
Convert to them anyway?
Ru accepts your prayer! Ru welcomes you!
Unknown command.
Press < or > to pray at altars.
Unknown command.
Press < or > to pray at altars.
Unknown command.
Press < or > to pray at altars.
Ru believes you are ready to make a new sacrifice.
Are you sure you want to abandon this character and quit the game? (Confirm with "yes".)

..... #...............
..........###.#####.....
.......#####.#)....#....
.......####.............
...........#.........#..
#+###.....#...........#
#.....#.....≈.....#
#.....#....≈.≈....#
#..<..#....≈@≈....#
#.....#.....≈.....#
#....#.#.........#..
...#####.#......†#...
#### ##.#.....#....
##.##.##..... ##....
..... #.. .#...


There were no monsters in sight!

Vanquished Creatures
  A dart slug (D:2)
  2 endoplasms
  3 giant cockroaches (D:1)
  A goblin (D:2)
  3 hobgoblins (D:1)
  2 jackals (D:1)
  2 quokkas
  3 bats (D:2)
  A frilled lizard (D:1)
  5 kobolds
  2 rats (D:2)
25 creatures vanquished.

Notes
Turn   | Place    | Note
-------+----------+-------------------------------------------
     0 | D:1      | pancakes the Gnoll Hedge Wizard began the quest for the
                  | Orb.
     0 | D:1      | Reached XP level 1. HP: 13/13 MP: 8/8
   281 | D:1      | Reached XP level 2. HP: 13/19 MP: 0/10
  1477 | D:2      | Reached XP level 3. HP: 19/25 MP: 2/11
  1556 | D:2      | Learned a level 3 spell: Conjure Flame
  1560 | D:2      | Learned a level 3 spell: Mephitic Cloud
  1563 | D:2      | Learned a level 2 spell: Blink
  1566 | D:2      | Learned a level 2 spell: Call Imp
  1636 | D:2      | Found a faded altar of an unknown god.
  1652 | D:2      | Became a worshipper of Ru the Awakened
  1672 | D:2      | Quit the game

Illustrated notes

Levels and vault maps discovered:
D:1:      amcnicky_arrival_abandoned_market, layout_loops_ring
D:2:      layout_rooms, shapermc_ecumenical_altar_starsandcircs, serial_rivers,
          chequers_serial_rivers_micro_d, chequers_serial_rivers_room_b,
          chequers_serial_rivers_large_a, chequers_serial_rivers_room_a,
          chequers_serial_rivers_small_b

Skill      XL: |  1 |
---------------+----+-----
Conjurations   | 2 |  2.1
Summonings     | 2 |  2.1
Translocations | 2 |  2.1
Fighting       | |  0.6
Short Blades   | |  0.6
Long Blades    | |  0.6
Axes           | |  0.6
Maces & Flails | |  0.6
Polearms       | |  0.6
Staves         | |  0.6
Slings         | |  0.6
Bows           | |  0.6
Crossbows      | |  0.6
Throwing       | |  0.6
Armour         | |  0.6
Dodging        | |  4.5
Stealth        | |  4.1
Shields        | |  0.6
Unarmed Combat | |  0.6
Spellcasting   | |  7.1
Hexes          | |  0.4
Necromancy     | |  0.4
Transmutations | |  0.4
Fire Magic     | |  0.4
Ice Magic      | |  0.4
Air Magic      | |  0.4
Earth Magic    | |  0.4
Poison Magic   | |  0.4
Invocations    | |  0.8
Evocations     | |  0.6

Action                   || total
-------------------------++-------
Melee: Dagger            ||    15
       Bite              ||     2
 Cast: Magic Dart        ||    74
Armor: Robe              ||     2
Dodge: Dodged            ||    15
